 Dungeon Crawl Stone Soup version 0.31-a0-152-g6aa68a64a1 (webtiles) character file.

Game seed: 17917597639027029331

340 qw the Shooter (level 6, -3/53 HPs)
             Began as a Minotaur Hunter on June 9, 2023.
             Slain by a scorpion (4 damage)
             ... on level 5 of the Dungeon.
             The game lasted 00:01:21 (2791 turns).

qw the Shooter (Minotaur Hunter)                    Turns: 2791, Time: 00:01:21

Health: -3/53      AC:  7    Str: 16    XL:     6   Next: 30%
Magic:  0/5        EV: 11    Int:  6    God:
Gold:   63         SH:  0    Dex: 15    Spells: 5/5 levels left

rFire   . . .        Y - +1 shortbow
rCold   . . .        (shield currently unavailable)
rNeg    . . .        g - +0 ring mail
rPois   .            (helmet restricted)
rElec   .            (no cloak)
rCorr   .            d - +1 pair of gloves
SInv    .            (no boots)
Will    .....        j - amulet of guardian spirit
Stlth   +            (no ring)
HPRegen 0.28/turn    (no ring)
MPRegen 0.09/turn

%: guardian spirit
@: lethally poisoned (-3 -> -8)
A: horns 2, retaliatory headbutt
a: no special abilities


You were on level 5 of the Dungeon.
You visited 1 branch of the dungeon, and saw 5 of its levels.

You collected 206 gold pieces.
You spent 143 gold pieces at shops.


Innate Abilities, Weirdness & Mutations

You have a pair of horns on your head.
You reflexively headbutt those who attack you in melee.


   Skills:
 - Level 4.3 Fighting
 + Level 7.6 Ranged Weapons
 - Level 1.0 Armour
 - Level 2.1 Dodging
 - Level 0.7 Stealth


You had 5 spell levels left.
You didn't know any spells.
Your spell library was empty.

Inventory:

Hand Weapons
 Y - a +1 shortbow (weapon)
Armour
 d - a +1 pair of gloves (worn)
 g - a +0 ring mail (worn)
Jewellery
 a - a ring of ice
 j - an amulet of guardian spirit (around neck)
Wands
 k - a wand of digging (5)
Scrolls
 b - a scroll of identify
Potions
 c - a potion of cancellation
 e - 4 potions of curing
 f - a potion of berserk rage {unknown}
 h - a potion of might {unknown}

Dungeon Overview and Level Annotations

Branches:
Dungeon (5/15)
 Temple: D:4-7

Altars:
Ashenzari
Ru

Shops:
D:2 =[   D:3 !


Message History

You feel much better.
You feel sick. The scorpion stings you.
You shoot an arrow. The arrow hits the scorpion.
The scorpion is heavily wounded.
You feel sick.
The scorpion stings you but does no damage.
The scorpion stings you.
You are more poisoned.
The scorpion poisons you!
You shoot an arrow.
The arrow hits the scorpion but does no damage.
The scorpion is heavily wounded.
You feel very sick. The scorpion stings you.
You are more poisoned.
The scorpion poisons you!
You shoot an arrow.
The arrow hits the scorpion but does no damage.
The scorpion is heavily wounded.
You feel very sick.
The scorpion stings you but does no damage.
You shoot an arrow.
The arrow hits the scorpion but does no damage.
The scorpion is heavily wounded.
You feel very sick. The scorpion stings you. The scorpion closely misses you.
You shoot an arrow.
The arrow hits the scorpion but does no damage.
The scorpion is heavily wounded.
You feel sick.
The scorpion stings you but does no damage.
You shoot an arrow. The arrow closely misses the scorpion.
You feel very sick.
The scorpion stings you but does no damage.
You shoot an arrow. The arrow hits the scorpion.
The scorpion is heavily wounded.
You feel sick.
The scorpion stings you but does no damage.
The scorpion stings you.
You die...

.#. ###
.#. #..
._ #.#
#.# #.#
.. #.# #.
#.#
#.####.#
#.@s...#
#####..#
#..#
#..######
#........
#<.......
#########


You could see a scorpion.

Vanquished Creatures
  A scorpion (D:5)
  Ijyb (D:3)
  3 iguanas
  An orc wizard (D:4)
  4 adders (D:4)
  A worm (D:2)
  A dart slug (D:1)
  11 orcs
  6 endoplasms
  5 giant cockroaches
  10 goblins
  6 hobgoblins
  11 jackals
  4 quokkas
  5 ball pythons
  10 bats
  5 frilled lizards
  10 kobolds
  9 rats
104 creatures vanquished.

Notes
Turn   | Place    | Note
-------+----------+-------------------------------------------
     0 | D:1      | qw the Minotaur Hunter began the quest for the Orb.
     0 | D:1      | Reached XP level 1. HP: 18/18 MP: 0/0
     0 | D:1      | 0 ||| qw: Version: 0.2-a-122-gbc61b45
     0 | D:1      | 0 ||| qw: Game counter: 3255
     0 | D:1      | 0 ||| qw: Always use a shield: true
     0 | D:1      | 0 ||| qw: God list: Okawaru
     0 | D:1      | 0 ||| qw: Allow faded altars: false
     0 | D:1      | 0 ||| qw: Do Orc after D:15 true
     0 | D:1      | 0 ||| qw: Do second Lair branch before Depths: true
     0 | D:1      | 0 ||| qw: Lair rune preference: random
     0 | D:1      | 0 ||| qw: Plans: Normal
     0 | D:1      | 0 ||| PLANNING D:1-11
    76 | D:1      | 76 ||| UPGRADING to +0 pair of gloves.
    81 | D:1      | 81 ||| READING scroll labelled VAWOZA SEMO.
    82 | D:1      | 82 ||| DROPPING scroll of butterflies.
    89 | D:1      | 89 ||| Stepping ~*~*~tactically~*~*~ (water).
   149 | D:1      | Reached XP level 2. HP: 25/25 MP: 1/1
   186 | D:1      | Reached skill level 5 in Ranged Weapons
   342 | D:1      | Reached skill level 3 in Fighting
   392 | D:1      | 392 ||| Stepping ~*~*~tactically~*~*~ (outnumbered).
   430 | D:1      | Reached XP level 3. HP: 31/31 MP: 2/2
   828 | D:1      | 828 ||| UPGRADING to +0 ring mail.
   838 | D:1      | 838 ||| DROPPING +0 leather armour.
   839 | D:1      | 839 ||| DROPPING ring of magical power.
   940 | D:2      | Reached skill level 1 in Armour
   988 | D:2      | Found Zenkap's Armour Emporium.
  1157 | D:2      | 1157 ||| SHOPLISTING +2 robe (139 gold, have 99).
  1158 | D:2      | Found Jiym's Jewellery Emporium.
  1167 | D:2      | 1167 ||| SHOPLISTING +5 ring of evasion (360 gold, have
                  | 99).
  1167 | D:2      | 1167 ||| SHOPLISTING amulet of reflection (300 gold, have
                  | 99).
  1167 | D:2      | 1167 ||| SHOPLISTING ring of Izxyosi {rElec rPois rC+ Int+3
                  | Stlth+} (501 gold, have 99).
  1167 | D:2      | 1167 ||| SHOPLISTING ring of see invisible (150 gold, have
                  | 99).
  1167 | D:2      | 1167 ||| SHOPLISTING ring of willpower (250 gold, have 99).
  1348 | D:2      | Reached XP level 4. HP: 38/38 MP: 3/3
  1434 | D:2      | 1434 ||| UPGRADING to amulet of guardian spirit.
  1439 | D:2      | 1439 ||| READING scroll labelled CUMMIEZ FEOMYS.
  1440 | D:2      | 1440 ||| READING scroll labelled TYNAERCHIXU.
  1441 | D:2      | 1441 ||| DRINKING 2 black potions.
  1442 | D:2      | 1442 ||| DRINKING 3 grey potions.
  1443 | D:2      | 1443 ||| DROPPING potion of attraction.
  1518 | D:3      | Found Ymum's Distillery.
  1540 | D:3      | Reached skill level 6 in Ranged Weapons
  1549 | D:3      | 1549 ||| SHOPLISTING 2 potions of haste (260 gold, have
                  | 145).
  1549 | D:3      | 1549 ||| BUYING potion of cancellation (104 gold).
  1549 | D:3      | Bought a potion of cancellation for 104 gold pieces
  1549 | D:3      | 1549 ||| BUYING potion of curing (39 gold).
  1549 | D:3      | Bought a potion of curing for 39 gold pieces
  1549 | D:3      | 1549 ||| SHOPLISTING potion of curing (39 gold, have 2).
  1549 | D:3      | 1549 ||| SHOPLISTING potion of might (52 gold, have 2).
  1549 | D:3      | 1549 ||| SHOPLISTING potion of resistance (130 gold, have
                  | 2).
  1824 | D:3      | Noticed Ijyb
  1842 | D:3      | Killed Ijyb
  2013 | D:3      | 2013 ||| DRINKING 2 bubbling inky potions.
  2014 | D:3      | 2014 ||| DRINKING 4 potions of curing.
  2014 | D:3      | 2014 ||| (to cure confusion)
  2015 | D:3      | 2015 ||| DROPPING potion of ambrosia.
  2059 | D:4      | Found a sacrificial altar of Ru.
  2064 | D:4      | Reached XP level 5. HP: 47/47 MP: 4/4
  2436 | D:4      | 2436 ||| Stepping ~*~*~tactically~*~*~ (outnumbered).
  2438 | D:4      | 2438 ||| Stepping ~*~*~tactically~*~*~ (outnumbered).
  2439 | D:4      | 2439 ||| Stepping ~*~*~tactically~*~*~ (outnumbered).
  2445 | D:4      | 2445 ||| Stepping ~*~*~tactically~*~*~ (outnumbered).
  2451 | D:4      | Reached skill level 7 in Ranged Weapons
  2721 | D:4      | 2721 ||| READING scroll labelled UROTYBBO WOSY.
  2722 | D:4      | 2722 ||| READING 2 scrolls labelled ORE UCOISS.
  2723 | D:4      | 2723 ||| READING scroll of enchant armour.
  2723 | D:4      | 2723 ||| ENCHANTING +0 pair of gloves.
  2724 | D:4      | 2724 ||| READING scroll labelled VYALUAHOJO.
  2725 | D:4      | 2725 ||| DRINKING 2 white potions.
  2746 | D:5      | Entered Level 5 of the Dungeon
  2756 | D:5      | Found a broken altar of Ashenzari.
  2769 | D:5      | Reached XP level 6. HP: 38/53 MP: 3/5
  2783 | D:5      | HP: 13/53 [poisoned by a scorpion]
  2784 | D:5      | 2784 ||| DRINKING potion of heal wounds.
  2788 | D:5      | HP: 11/53 [poisoned by a scorpion]
  2789 | D:5      | HP: 4/53 [poisoned by a scorpion]
  2791 | D:5      | HP: 1/53 [poisoned by a scorpion]
  2791 | D:5      | Slain by a scorpion

Levels and vault maps discovered:
D:1:      evilmike_arrival_fibonacci_small, layout_loops_ring,
          serial_bayou_lagoon_a, kennysheep_small_spiral
D:2:      layout_rooms, serial_forest, infiniplex_forest_end_2,
          infiniplex_forest_end_1, infiniplex_forest_clump_medium,
          infiniplex_forest_straight_2, infiniplex_forest_lined_corner,
          serial_shops, shop, shop
D:3:      layout_rooms, serial_shops, shop, uniq_ijyb
D:4:      layout_basic, nicolae_ru_great_annihilating_truth,
          nicolae_overflow_hidden_temple
D:5:      layout_loops_ring, ashenzari_altar_1,
          nicolae_hepliaklqana_hippocampus, minmay_temple_entry_antechambers,
          columned_hall_lemuel, small_statue_intersection

Skill      XL: |  1  2  3  4  5 |
---------------+----------------+-----
Ranged Weapons | 5 6 7 |  7.6
Fighting       | 3 4 |  4.3
Armour         | 1 |  1.0
Dodging        | |  2.1
Stealth        | |  0.7

Action                     |  1- 3 |  4- 6 || total
---------------------------+-------+-------++-------
   Fire: Shortbow          |   146 |   179 ||   325
    Use: Scroll            |     1 |     6 ||     7
         Potion            |       |     6 ||     6
 Armour: Leather armour    |    14 |       ||    14
         Ring mail         |    17 |    28 ||    45
  Dodge: Dodged            |    29 |    48 ||    77

Table legend:
 A = Non-vault XP
 B = Vault XP
 C = Vault XP percentage of total XP
 D = Non-vault monster count
 E = Vault monster count
 F = Vault count percentage of total count
                 A         B        C        D         E       F
            +---------+---------+-------+---------+---------+-------
      Total |     412 |      75 |  15.4 |      99 |       5 |   4.8
            +---------+---------+-------+---------+---------+-------
        D:1 |      56 |       0 |   0.0 |      34 |       0 |   0.0
        D:2 |      42 |       0 |   0.0 |      23 |       0 |   0.0
        D:3 |      29 |      36 |  55.4 |      14 |       1 |   6.7
        D:4 |     169 |      39 |  18.8 |      26 |       4 |  13.3
        D:5 |     116 |       0 |   0.0 |       2 |       0 |   0.0
            +---------+---------+-------+---------+---------+-------
